PIO (24 & UNDER)
SALEM SLEDGEHAMMERS @ COLORADO COMMANDERS
09/01/2026
 
TOP OF THE 1ST
Salem Sledgehammers batting - Pitching for Colorado Commanders : RHP Eddie Huber
Pitching: RHP Eddie Huber
Batting: RHB Luis Bustamante 0-0: Ball
1-0: Ball
2-0: SINGLE (Line Drive, 7S)
Batting: LHB José Rivera 0-0: Called Strike
0-1: Fly out, F5 (Popup, 5SF)
Batting: LHB Nathan Frey 0-0: Ball
1-0: Ball
2-0: Foul Ball, location: 2F
2-1: Foul Ball, location: 2F
2-2: Ball
3-2: Fly out, F8 (Flyball, 78M)
Batting: SHB Enrique Uribe 0-0: Ball
1-0: Called Strike
1-1: Ground out 1-3 (Groundball, 34S)
Top of the 1st over - 0 run(s), 1 hit(s), 0 error(s), 1 left on base; Salem 0 - Colorado 0
BOTTOM OF THE 1ST
Colorado Commanders batting - Pitching for Salem Sledgehammers : LHP Miguel Galván
Pitching: LHP Miguel Galván
Batting: SHB Pancho Vásquez 0-0: Swinging Strike
0-1: Swinging Strike
0-2: Strikes out swinging
Batting: RHB Roberto Rodríguez 0-0: Called Strike
0-1: Foul Ball, location: 2F
0-2: Strikes out swinging
Batting: RHB Carlos Hernández 0-0: Ground out U3 (Groundball, 3S)
Bottom of the 1st over - 0 run(s), 0 hit(s), 0 error(s), 0 left on base; Salem 0 - Colorado 0
TOP OF THE 2ND
Salem Sledgehammers batting - Pitching for Colorado Commanders : RHP Eddie Huber
Batting: RHB Bobby Miller 0-0: Ball
1-0: Called Strike
1-1: Ball
2-1: Ball
3-1: Swinging Strike
3-2: Base on Balls
Batting: RHB José García 0-0: Ball
1-0: Ball
2-0: Called Strike
2-1: Foul Ball, location: 2F
2-2: Strikes out looking
Batting: RHB Patrick Daniels Pickoff Throw to First - Out!
0-0: Ball
1-0: SINGLE (Flyball, 89S)
Batting: LHB Caleb Hall 0-0: Called Strike
0-1: Ground out U3 (Groundball, 3)
Top of the 2nd over - 0 run(s), 1 hit(s), 0 error(s), 1 left on base; Salem 0 - Colorado 0
BOTTOM OF THE 2ND
Colorado Commanders batting - Pitching for Salem Sledgehammers : LHP Miguel Galván
Batting: RHB Ricardo Remedios 0-0: Ground out 5-3 (Groundball, 56S)
Batting: RHB Frank Martínez 0-0: Ball
1-0: Called Strike
1-1: Ball
2-1: Ball
3-1: Called Strike
3-2: Foul Ball, location: 2F
3-2: Strikes out swinging
Batting: RHB Alberto Soto 0-0: Called Strike
0-1: Ball
1-1: Foul Ball, location: 2F
1-2: Ball
2-2: Strikes out looking
Bottom of the 2nd over - 0 run(s), 0 hit(s), 0 error(s), 0 left on base; Salem 0 - Colorado 0
TOP OF THE 3RD
Salem Sledgehammers batting - Pitching for Colorado Commanders : RHP Eddie Huber
Batting: RHB Lakota O'Reilly 0-0: Swinging Strike
0-1: Swinging Strike
0-2: Strikes out swinging
Batting: RHB Luis Bustamante 0-0: Swinging Strike
0-1: Foul Ball, location: 2F
0-2: Foul Ball, location: 2F
0-2: Foul Ball, location: 2F
0-2: Foul Ball, location: 2F
0-2: Ball
1-2: SINGLE (Groundball, 56)
Batting: LHB José Rivera 0-0: Ball
1-0: Foul Ball, location: 2F
1-1: Ball
2-1: Fly out, F7 (Flyball, 7LM)
Batting: LHB Nathan Frey 0-0: Ball
1-0: Foul Ball, location: 2F
1-1: Ground out 4-3 (Groundball, 4)
Top of the 3rd over - 0 run(s), 1 hit(s), 0 error(s), 1 left on base; Salem 0 - Colorado 0
BOTTOM OF THE 3RD
Colorado Commanders batting - Pitching for Salem Sledgehammers : LHP Miguel Galván
Batting: RHB Tony Barton 0-0: Foul Ball, location: 2F
0-1: Ball
1-1: Ball
2-1: Swinging Strike
2-2: Ground out 6-3 (Groundball, 6M)
Batting: RHB Adam Reeves 0-0: Called Strike
0-1: Ball
1-1: Ball
2-1: Foul Ball, location: 2F
2-2: Strikes out looking
Batting: RHB Kyle Vélez 0-0: Called Strike
0-1: SINGLE (Groundball, 34S)
Batting: SHB Pancho Vásquez 0-0: Called Strike
0-1: Swinging Strike
0-2: Strikes out swinging
Bottom of the 3rd over - 0 run(s), 1 hit(s), 0 error(s), 1 left on base; Salem 0 - Colorado 0
TOP OF THE 4TH
Salem Sledgehammers batting - Pitching for Colorado Commanders : RHP Eddie Huber
Batting: SHB Enrique Uribe 0-0: Called Strike
0-1: Called Strike
0-2: Fly out, F9 (Line Drive, 9D)
Batting: RHB Bobby Miller 0-0: Foul Ball, location: 2F
0-1: Called Strike
0-2: Ball
1-2: Ground out 6-3 (Groundball, 6)
Batting: RHB José García 0-0: Ball
1-0: Called Strike
1-1: Called Strike
1-2: Ball
2-2: SINGLE (Groundball, 4D)
Batting: RHB Patrick Daniels 0-0: Ball
1-0: Swinging Strike
1-1: Ball
2-1: Swinging Strike
2-2: Foul Ball, location: 2F
2-2: Foul Ball, location: 2F
2-2: Ball
3-2: Ground out 5-3 (Groundball, 56)
Top of the 4th over - 0 run(s), 1 hit(s), 0 error(s), 1 left on base; Salem 0 - Colorado 0
BOTTOM OF THE 4TH
Colorado Commanders batting - Pitching for Salem Sledgehammers : LHP Miguel Galván
Batting: RHB Roberto Rodríguez 0-0: Ball
1-0: Called Strike
1-1: Swinging Strike
1-2: Ball
2-2: Foul Ball, location: 2F
2-2: SINGLE (Groundball, 34)
Batting: RHB Carlos Hernández 0-0: Ball
1-0: Fly out, F4 (Popup, 4MD)
Batting: RHB Ricardo Remedios 0-0: Ball
1-0: Called Strike
1-1: Fielders Choice at 2nd, 6-4 (Groundball, 6)
Batting: RHB Frank Martínez 0-0: Ball
Ricardo Remedios steals 2nd base
1-0: Called Strike
1-1: Foul Ball, location: 2F
1-2: Ball
Wild Pitch!
Ricardo Remedios to third
2-2: Ball
3-2: Strikes out swinging
Bottom of the 4th over - 0 run(s), 1 hit(s), 0 error(s), 1 left on base; Salem 0 - Colorado 0
TOP OF THE 5TH
Salem Sledgehammers batting - Pitching for Colorado Commanders : RHP Eddie Huber
Batting: LHB Caleb Hall 0-0: Foul Ball, location: 2F
0-1: Ball
1-1: Foul Ball, location: 2F
1-2: Foul Ball, location: 2F
1-2: Foul Ball, location: 2F
1-2: Ball
2-2: Fly out, F4 (Line Drive, 4)
Batting: RHB Lakota O'Reilly 0-0: Foul Ball, location: 2F
0-1: Swinging Strike
0-2: Foul Ball, location: 2F
0-2: Ball
1-2: Ball
2-2: Ground out 1-3 (Groundball, 15)
Batting: RHB Luis Bustamante 0-0: SINGLE (Flyball, 7S)
Batting: LHB José Rivera 0-0: Called Strike
0-1: Called Strike
0-2: Ball
Wild Pitch!
Luis Bustamante to second
1-2: Strikes out swinging
Top of the 5th over - 0 run(s), 1 hit(s), 0 error(s), 1 left on base; Salem 0 - Colorado 0
BOTTOM OF THE 5TH
Colorado Commanders batting - Pitching for Salem Sledgehammers : LHP Miguel Galván
Batting: RHB Alberto Soto 0-0: Foul Ball, location: 2F
0-1: Foul Ball, location: 2F
0-2: Strikes out swinging
Batting: RHB Tony Barton 0-0: Called Strike
0-1: Ground out 3-1 (Groundball, 34)
Batting: RHB Adam Reeves 0-0: Foul Ball, location: 2F
0-1: Fly out, F8 (Popup, 4MD)
Bottom of the 5th over - 0 run(s), 0 hit(s), 0 error(s), 0 left on base; Salem 0 - Colorado 0
TOP OF THE 6TH
Salem Sledgehammers batting - Pitching for Colorado Commanders : RHP Eddie Huber
Batting: LHB Nathan Frey 0-0: Ball
1-0: Ball
2-0: Ball
3-0: Foul Ball, location: 2F
3-1: Base on Balls
Pitching: RHP José Deleón
Batting: SHB Enrique Uribe 0-0: Foul Ball, location: 2F
0-1: Foul Ball, location: 2F
0-2: Ball
1-2: Grounds into double play, 6-4-3 (Groundball, 6)
Batting: RHB Bobby Miller 0-0: Ball
1-0: Called Strike
1-1: Foul Ball, location: 2F
1-2: Foul Ball, location: 2F
1-2: Ball
2-2: Ball
3-2: Strikes out swinging
Top of the 6th over - 0 run(s), 0 hit(s), 0 error(s), 0 left on base; Salem 0 - Colorado 0
BOTTOM OF THE 6TH
Colorado Commanders batting - Pitching for Salem Sledgehammers : LHP Miguel Galván
Batting: RHB Kyle Vélez 0-0: Ground out 5-3 (Groundball, 5)
Batting: SHB Pancho Vásquez 0-0: Called Strike
0-1: Ball
1-1: Foul Ball, location: 2F
1-2: Foul Ball, location: 2F
1-2: Ball
2-2: Fly out, F8 (Flyball, 8LM)
Batting: RHB Roberto Rodríguez 0-0: Ball
1-0: Ground out 4-3 (Groundball, 4M)
Bottom of the 6th over - 0 run(s), 0 hit(s), 0 error(s), 0 left on base; Salem 0 - Colorado 0
TOP OF THE 7TH
Salem Sledgehammers batting - Pitching for Colorado Commanders : RHP José Deleón
Batting: RHB José García 0-0: Foul Ball, location: 2F
0-1: Foul Ball, location: 2F
0-2: Fly out, F7 (Flyball, 78S)
Batting: RHB Patrick Daniels 0-0: Called Strike
0-1: Swinging Strike
0-2: Strikes out looking
Batting: LHB Caleb Hall 0-0: Ball
1-0: Ball
2-0: Ball
3-0: Base on Balls
Batting: RHB Lakota O'Reilly 0-0: Ball
1-0: Foul Ball, location: 2F
1-1: Foul Ball, location: 2F
1-2: Ball
2-2: Fly out, F9 (Flyball, 89S)
Top of the 7th over - 0 run(s), 0 hit(s), 0 error(s), 1 left on base; Salem 0 - Colorado 0
BOTTOM OF THE 7TH
Colorado Commanders batting - Pitching for Salem Sledgehammers : LHP Miguel Galván
Pinch Hitting: RHB Gerald Johnson 0-0: Called Strike
0-1: SINGLE (Line Drive, 6M)
Batting: RHB Ricardo Remedios 0-0: Called Strike
0-1: Swinging Strike
0-2: Strikes out swinging
Pinch Hitting: RHB Tim Adkins 0-0: Ball
1-0: Fielders Choice at 2nd, 4-6 (Groundball, 4)
Batting: RHB Alberto Soto 0-0: Ball
1-0: Called Strike
1-1: Swinging Strike
1-2: Strikes out looking
Bottom of the 7th over - 0 run(s), 1 hit(s), 0 error(s), 1 left on base; Salem 0 - Colorado 0
TOP OF THE 8TH
Salem Sledgehammers batting - Pitching for Colorado Commanders : RHP José Deleón
Pitching: RHP Bill Davis
Now at 2B: Gerald Johnson
Now at SS: Tim Adkins
Batting: RHB Luis Bustamante 0-0: Ball
1-0: Foul Ball, location: 2F
1-1: Fly out, F8 (Flyball, 8LXD)
Batting: LHB José Rivera 0-0: Called Strike
0-1: Ball
1-1: Ball
2-1: Ball
3-1: Base on Balls
Batting: LHB Nathan Frey 0-0: Ball
1-0: Called Strike
1-1: Called Strike
1-2: Ball
2-2: Foul Ball, location: 2F
2-2: Foul Ball, location: 2F
2-2: Fly out, F6 (Line Drive, 56)
2-2: Fly out, F6 (Line Drive, 56)
Batting: SHB Enrique Uribe 0-0: Ball
1-0: Called Strike
José Rivera steals 2nd base
1-1: SINGLE (Groundball, 4MD) (infield hit)
José Rivera to third
Batting: RHB Bobby Miller 0-0: Called Strike
0-1: Swinging Strike
0-2: Ball
1-2: Ball
2-2: Foul Ball, location: 2F
2-2: Fly out, F7 (Flyball, 7M)
Top of the 8th over - 0 run(s), 1 hit(s), 0 error(s), 2 left on base; Salem 0 - Colorado 0
BOTTOM OF THE 8TH
Colorado Commanders batting - Pitching for Salem Sledgehammers : LHP Miguel Galván
Pinch Hitting: RHB Chris Rice 0-0: Ball
1-0: Ball
2-0: Swinging Strike
2-1: Foul Ball, location: 2F
2-2: Strikes out looking
Batting: RHB Adam Reeves 0-0: Ball
1-0: Swinging Strike
1-1: Called Strike
1-2: Ball
2-2: Strikes out swinging
Pinch Hitting: RHB Samuel Pasolini 0-0: Fly out, F7 (Line Drive, 7D)
Bottom of the 8th over - 0 run(s), 0 hit(s), 0 error(s), 0 left on base; Salem 0 - Colorado 0
TOP OF THE 9TH
Salem Sledgehammers batting - Pitching for Colorado Commanders : RHP Bill Davis
Pitching: RHP Sixto García
Now at 1B: Chris Rice
Now at 3B: Carlos Jiménez
Pinch Hitting: RHB Gilberto Silva 0-0: Called Strike
0-1: Ball
1-1: Ground out 6-3 (Groundball, 6)
Batting: RHB Patrick Daniels 0-0: Called Strike
0-1: Ball
1-1: SINGLE (Line Drive, 6M)
Batting: LHB Caleb Hall 0-0: Called Strike
0-1: Foul Ball, location: 2F
0-2: Ball
1-2: Ball
2-2: Ball
3-2: Foul Ball, location: 2F
3-2: Strikes out looking
Batting: RHB Lakota O'Reilly 0-0: SINGLE (Line Drive, 7LS)
Patrick Daniels to second
Batting: RHB Luis Bustamante 0-0: Called Strike
0-1: Ball
1-1: Foul Ball, location: 2F
1-2: Ground out 5-3 (Groundball, 56)
Top of the 9th over - 0 run(s), 2 hit(s), 0 error(s), 2 left on base; Salem 0 - Colorado 0
BOTTOM OF THE 9TH
Colorado Commanders batting - Pitching for Salem Sledgehammers : LHP Miguel Galván
Pitching: LHP Alberto Pagán
Now in RF: Glenn Broadwater
Batting: SHB Pancho Vásquez 0-0: Foul Ball, location: 2F
0-1: Ball
1-1: Ball
2-1: Swinging Strike
2-2: Foul Ball, location: 2F
2-2: Foul Ball, location: 2F
2-2: Strikes out swinging
Batting: RHB Roberto Rodríguez 0-0: Ball
1-0: Foul Ball, location: 2F
1-1: Swinging Strike
1-2: Ball
2-2: Fly out, F7 (Flyball, 7M)
Batting: RHB Gerald Johnson 0-0: Called Strike
0-1: SINGLE (Flyball, 78S)
Pinch Runner at 1st Rafael López:
Batting: RHB Ricardo Remedios 0-0: Fly out, F7 (Flyball, 78M)
Bottom of the 9th over - 0 run(s), 1 hit(s), 0 error(s), 1 left on base; Salem 0 - Colorado 0
TOP OF THE 10TH
Salem Sledgehammers batting - Pitching for Colorado Commanders : RHP Sixto García
Now in RF: Rafael López
Batting: LHB José Rivera 0-0: Foul Ball, location: 2F
0-1: Ball
1-1: Foul Ball, location: 2F
1-2: Ball
2-2: Foul Ball, location: 2F
2-2: Strikes out swinging
Batting: LHB Nathan Frey 0-0: Called Strike
0-1: Ball
1-1: Foul Ball, location: 2F
1-2: SINGLE (Groundball, 25) (infield hit)
Batting: SHB Enrique Uribe 0-0: Swinging Strike
0-1: Foul Ball, location: 2F
0-2: Foul Ball, location: 2F
0-2: Strikes out swinging
Batting: RHB Bobby Miller 0-0: Ball
1-0: Called Strike
1-1: Foul Ball, location: 2F
1-2: SINGLE (Groundball, 56)
Nathan Frey to second
Batting: RHB Glenn Broadwater 0-0: Foul Ball, location: 2F
0-1: Ball
1-1: Called Strike
1-2: Ball
2-2: Strikes out looking
Top of the 10th over - 0 run(s), 2 hit(s), 0 error(s), 2 left on base; Salem 0 - Colorado 0
BOTTOM OF THE 10TH
Colorado Commanders batting - Pitching for Salem Sledgehammers : LHP Alberto Pagán
Batting: RHB Tim Adkins 0-0: Ball
1-0: Called Strike
1-1: Ball
2-1: Ball
3-1: Called Strike
3-2: Foul Ball, location: 2F
3-2: Foul Ball, location: 2F
3-2: Ground out 6-3 (Groundball, 6M)
Batting: RHB Alberto Soto 0-0: Called Strike
0-1: Called Strike
0-2: Ground out 4-3 (Groundball, 4)
Batting: RHB Chris Rice 0-0: Called Strike
0-1: Ball
1-1: Ball
2-1: Foul Ball, location: 2F
2-2: Ball
3-2: SINGLE (Line Drive, 6M)
Batting: RHB Adam Reeves 0-0: Ball
1-0: Called Strike
1-1: Called Strike
1-2: Foul Ball, location: 2F
1-2: Strikes out swinging
Bottom of the 10th over - 0 run(s), 1 hit(s), 0 error(s), 1 left on base; Salem 0 - Colorado 0
TOP OF THE 11TH
Salem Sledgehammers batting - Pitching for Colorado Commanders : RHP Sixto García
Pitching: RHP Jesús Medina
Batting: RHB Patrick Daniels 0-0: Ball
1-0: Called Strike
1-1: Swinging Strike
1-2: Strikes out swinging
Batting: LHB Caleb Hall 0-0: Ball
1-0: Ball
2-0: Swinging Strike
2-1: Swinging Strike
2-2: Ball
3-2: Foul Ball, location: 2F
3-2: Foul Ball, location: 2F
3-2: Strikes out swinging
Batting: RHB Lakota O'Reilly 0-0: Called Strike
0-1: Ball
1-1: Ball
2-1: Fly out, F9 (Flyball, 9LS)
Top of the 11th over - 0 run(s), 0 hit(s), 0 error(s), 0 left on base; Salem 0 - Colorado 0
BOTTOM OF THE 11TH
Colorado Commanders batting - Pitching for Salem Sledgehammers : LHP Alberto Pagán
Batting: RHB Carlos Jiménez 0-0: Called Strike
0-1: Foul Ball, location: 2F
0-2: Ball
1-2: Ball
2-2: Strikes out swinging
Batting: SHB Pancho Vásquez 0-0: Ball
1-0: Called Strike
1-1: Called Strike
1-2: Ball
2-2: Reached on error, E6 (Groundball, 6)
Batting: RHB Roberto Rodríguez 0-0: Intentional Walk
Pitching: RHP Norberto Deleón
Pinch Hitting: LHB Arturo Rodledo 0-0: Ball
Wild Pitch!
Pancho Vásquez to third
Roberto Rodríguez to second
1-0: Intentional Walk
Batting: RHB Ricardo Remedios 0-0: SINGLE (Groundball, 6MD)
Pancho Vásquez scores
Monday, December 5th, 2016 - OOTP Baseball 17.12 Build 75